 Dungeon Crawl Stone Soup version 0.27-a0-1193-g8631133539 (webtiles) character file.

Game seed: 18324530382834954605

54 Delamore the Skirmisher (level 3, -3/24 HPs)
             Began as a Gargoyle Monk on May 26, 2021.
             Frozen to death by an endoplasm (5 damage)
             ... on level 3 of the Dungeon.
             The game lasted 00:02:13 (2177 turns).

Delamore the Skirmisher (Gargoyle Monk)             Turns: 2177, Time: 00:02:14

Health: -3/24      AC: 11    Str: 15    XL:     3   Next: 91%
Magic:  3/3        EV:  9    Int: 10    God:
Gold:   90         SH:  0    Dex: 12    Spells: 2/2 levels left

rFire    . . .     SeeInvis .   a - +0 mace
rCold    . . .     Faith    .   (no shield)
rNeg     + . .     Spirit   .   g - +0 scale mail
rPois    ∞         Reflect  .   c - +0 helmet
rElec    +         Harm     .   (no cloak)
rCorr    .         Rampage  .   (no gloves)
Will     .....                  i - +0 pair of boots
Stlth    +.........             (no amulet)
HPRegen  0.08/turn              (no ring)
MPRegen  0.08/turn              (no ring)

@: no status effects
A: sickness immunity, AC +3, negative energy resistance 1, electricity
resistance, torment resistance 1, petrification resistance
a: no special abilities


You were on level 3 of the Dungeon.
You visited 1 branch of the dungeon, and saw 3 of its levels.

You collected 90 gold pieces.

Inventory:

Hand Weapons
 a - a +0 mace (weapon)
Armour
 b - a +0 robe
 c - a +0 helmet (worn)
 g - a +0 scale mail (worn)
 i - a +0 pair of boots (worn)
Jewellery
 k - an amulet of faith
Scrolls
 d - a scroll of fog
 e - 3 scrolls of teleportation
 f - a scroll of amnesia
 h - a scroll of enchant weapon


   Skills:
 + Level 4.3 Fighting
 + Level 3.9 Maces & Flails
 - Level 2.4 Dodging
 - Level 2.1 Stealth


You had 2 spell levels left.
You didn't know any spells.
Your spell library was empty.

Dungeon Overview and Level Annotations

Branches:
Dungeon (3/15)

Altars:
Makhleb

Shops:
D:1 (!   D:2 (


Innate Abilities, Weirdness & Mutations

You are immune to sickness and miasma.
Your stone body is resilient. (AC +3)
You are immune to poison.
You resist negative energy. (rN+)
You are resistant to electric shocks. (rElec)
You are resistant to unholy torment.
You are immune to petrification.


Message History

The orc barely misses you. Something hits you.
You hit the orc.
The orc is heavily wounded.
The orc hits you but does no damage. The orc barely misses you.
Something hits you but does no damage.
The endoplasm hits you but does no damage.
The orc hits you from afar with a +0 trident.
You are too injured to fight recklessly!
You are too injured to fight recklessly!
You are too injured to fight recklessly!
You are too injured to fight recklessly!
You are too injured to fight recklessly!
You are too injured to fight recklessly!
You are too injured to fight recklessly!
You are too injured to fight recklessly!
You hear some strange, mumbled words.
You are confused.
You're too confused to move!
The orc hits you with a +0 hand axe. Something hits you but does no damage.
The orc hits you but does no damage.
You sock the orc!
You kill the orc!
Something hits you but does no damage. The orc barely misses you.
The endoplasm closely misses you.
You're too confused to move!
Something hits you but does no damage.
The orc hits you from afar with a +0 trident.
* * * LOW HITPOINT WARNING * * *
Okay, then.
You bump into the rock wall.
Something hits you.
* * * LOW HITPOINT WARNING * * *
The orc hits you from afar with a +0 trident.
* * * LOW HITPOINT WARNING * * *
The endoplasm hits you but does no damage.
It was a potion of cancellation.
Your magical effects are unravelling.
You feel magically purged.
You feel less confused. Something hits you but does no damage.
The orc hits you but does no damage. The endoplasm freezes you.
You are frozen.
You die...

####............####...##
...##.#......##...##....#
..#...#......##..###....#
........###†..#.##....###
..#......###....##.####
.........###.......#
###..............###
......<<...##....###
...........##.)J@..#
................##o####
..............))).....#
.......).......()....##
..........#..........#
.....................#
#......####............
#......# #.(............
#......# #.#.########..P


You could see an orc and an endoplasm.

Vanquished Creatures
  2 adders
  3 orcs (D:3)
  5 bats
  2 endoplasms
  2 giant cockroaches
  4 goblins
  A hobgoblin (D:1)
  A quokka (D:1)
  A ball python (D:1)
  A frilled lizard (D:3)
  5 kobolds
  3 rats
30 creatures vanquished.

Vanquished Creatures (others)
  A plant (D:3)
  4 withered plants (D:3)
5 creatures vanquished.

Grand Total: 35 creatures vanquished

Notes
Turn   | Place    | Note
-------+----------+-------------------------------------------
     0 | D:1      | Delamore the Gargoyle Monk began the quest for the Orb.
     0 | D:1      | Reached XP level 1. HP: 14/14 MP: 1/1
   145 | D:1      | Found Pifret's Antique Weapon Shop.
   236 | D:1      | Found a faded altar of an unknown god.
   273 | D:1      | Found Utouxar's Distillery.
   556 | D:1      | Reached XP level 2. HP: 18/19 MP: 2/2
  1399 | D:2      | Reached XP level 3. HP: 24/24 MP: 3/3
  1469 | D:2      | Found Zitiutaw's Weapon Shoppe.
  1560 | D:2      | Reached skill level 4 in Fighting
  1578 | D:2      | Found a burning altar of Makhleb.
  2177 | D:3      | Frozen to death by an endoplasm

Illustrated notes

Levels and vault maps discovered:
D:1:      dpeg_arrival_radiant, layout_loops_ring, serial_shops, shop_fountains,
          shop, chequers_ecumenical_altar_simple_redux, serial_bayou_lagoon_b
D:2:      layout_loops_ring, basic_altar, serial_shops, nicolae_shop_stone
D:3:      layout_rooms, grunt_temple_overflow_growth_and_decay,
          gammafunk_temple_overflow_claw, lemuel_coloured_pillars_altar

Skill      XL: |  1  2  3 |
---------------+----------+-----
Fighting       | 4 |  4.3
Maces & Flails | |  3.9
Dodging        | |  2.4
Stealth        | |  2.1

Action                   || total
-------------------------++-------
Melee: Mace              ||    90
  Use: Scroll            ||     4
       Potion            ||     2
 Stab: Sleeping          ||     5
Armor: Robe              ||    26
       Scale mail        ||    33
Dodge: Dodged            ||    85

Table legend: (Time is in decaauts)
 A = Elapsed time spent in this place.
 B = Non-inter-level travel time spent in this place.
 C = Inter-level travel time spent in this place.
 D = Time resting spent in this place.
 E = Time spent auto-exploring this place.
 F = Levels seen in this place.
 G = Mean time per level.
                   A        B        C        D        E       F      G
               +--------+--------+--------+--------+--------+-----+--------+
         Total |   2219 |   2118 |    101 |    540 |   1288 |   3 |  739.7 |
       Dungeon |   2219 |   2118 |    101 |    540 |   1288 |   3 |  739.7 |
               +--------+--------+--------+--------+--------+-----+--------+

Top non-repeatable levels by time:
     D:1: 1092 daAuts
     D:2: 992 daAuts
     D:3: 133 daAuts
